 Dungeon Crawl Stone Soup version 0.19.5 (webtiles) character file.

62 Plasmo the Sneak (level 3, -1/28 HPs)
             Began as a Demonspawn Assassin on Apr 23, 2017.
             Slain by a gnoll
             ... wielding a +0 flail
              (12 damage)
             ... on level 2 of the Dungeon.
             The game lasted 00:06:51 (1914 turns).

Plasmo the Sneak (Demonspawn Assassin)              Turns: 1914, Time: 00:06:51

Health: -1/28      AC:  7    Str: 11    XL:     3   Next: 85%
Magic:  4/4        EV: 12    Int: 12    God:
Gold:   80         SH:  0    Dex: 15    Spells: 0 memorised, 4 levels left

rFire  . . .     SeeInvis .     h - +3 whip (venom)
rCold  . . .     Gourm    .     c - +0 robe
rNeg   . . .     Faith    .     (no shield)
rPois  .         Spirit   .     i - +0 helmet
rElec  .         Reflect  .     d - +0 cloak
rCorr  .         Harm     .     l - +0 pair of gloves
MR     .....                    (no boots)
Stlth  ++++......               (no amulet)
                                (no ring)
                                (no ring)

@: no status effects
A: iridescent scales 1, nightstalker 1
a: no special abilities


You were on level 2 of the Dungeon.
You were not hungry.

You visited 1 branch of the dungeon, and saw 3 of its levels.

You collected 80 gold pieces.

Inventory:

Hand Weapons
 a - a +2 dagger
 b - a +0 blowgun
 h - a +3 whip of venom (weapon)
Missiles
 e - 8 poisoned needles
 f - 2 curare-tipped needles
 p - 5 tomahawks (quivered)
Armour
 c - a +0 robe (worn)
 d - a +0 cloak (worn)
 i - a +0 helmet (worn)
 k - a +2 ring mail of fire resistance
 l - a +0 pair of gloves (worn)
Scrolls
 r - a scroll of recharging
 s - a scroll of teleportation
Potions
 j - a potion of beneficial mutation {unknown}
 m - 3 potions of mutation
 n - a potion of magic
 q - a potion of ambrosia {unknown}
 t - a potion of curing {unknown}
 w - a potion of heal wounds {unknown}
Comestibles
 g - a bread ration
 o - a beef jerky
 v - a meat ration


   Skills:
 * Level 2.4 Fighting
 - Level 1.7 Short Blades
 * Level 1.0 Maces & Flails
 * Level 2.1 Throwing
 * Level 0.8 Armour
 * Level 1.5 Dodging
 * Level 3.8 Stealth
 * Level 1.0 Spellcasting


You had 4 spell levels left.
You didn't know any spells.

Dungeon Overview and Level Annotations

Branches:
Dungeon (3/15)

Altars:

Annotations:
D:3 crossborder's ghost, amateur HOMo


Innate Abilities, Weirdness & Mutations

You are partially covered in iridescent scales. (AC +2)
You are slightly more attuned to the shadows.


Message History

The gnoll barely misses you.
You closely miss the gnoll.
The gnoll is severely wounded.
The gnoll hits you with a flail! The gnoll barely misses you.
You kill the gnoll!
Your Spellcasting skill increases to level 1!
The gnoll misses you. The sky beast closely misses you.
You climb upwards.
There is a stone staircase leading down here.
You closely miss the sky beast. The gnoll misses you.
The sky beast barely misses you.
You closely miss the sky beast. The sky beast misses you.
The gnoll completely misses you.
You hit the sky beast.
The sky beast is poisoned.
The sky beast is lightly wounded.
The sky beast hits you. The sky beast shocks you. The gnoll barely misses you.
You hit the sky beast.
The sky beast is lightly wounded.
The sky beast closely misses you. The gnoll hits you with a flail!
You die...

###### ####### #...##
#.....#########...##
#.....##..........##
#.....##..........##
#.....##.........###
#.....##.........##.
#.....##......(..##.
#########..@................
#..........gY.##.........##.
#..(........................
#....).......###.###........
#............# #.#.......#..
######.......# #.#.##.##.##.
#.......###.#.#.....##.
#...........#.#..#####.
######.#.####.#........


You could see a sky beast and a gnoll.

Vanquished Creatures
  A gnoll (D:3)
  An adder (D:2)
  A dart slug (D:1)
  An orc (D:3)
  5 bats
  5 giant cockroaches (D:1)
  5 goblins
  2 hobgoblins
  3 jackals (D:1)
  A quokka (D:2)
  2 frilled lizards (D:1)
  6 kobolds
  3 rats
36 creatures vanquished.

Notes
Turn   | Place    | Note
-------+----------+-------------------------------------------
     0 | D:1      | Plasmo the Demonspawn Assassin began the quest for the Orb.
     0 | D:1      | Reached XP level 1. HP: 16/16 MP: 1/1
    93 | D:1      | Reached skill level 1 in Dodging
   279 | D:1      | Gained mutation: You are slightly more attuned to the shadows. [demonic ancestry]
   279 | D:1      | Reached XP level 2. HP: 22/22 MP: 2/2
  1047 | D:2      | Gained mutation: You are partially covered in iridescent scales. (AC +2) [demonic ancestry]
  1047 | D:2      | Reached XP level 3. HP: 27/27 MP: 3/3
  1425 | D:2      | Reached skill level 1 in Maces & Flails
  1682 | D:3      | Noticed crossborder's ghost (amateur HOMo)
  1903 | D:3      | Noticed a sky beast
  1909 | D:3      | Reached skill level 1 in Spellcasting
  1914 | D:2      | Slain by a gnoll

Skill      XL: |  1  2  3 |
---------------+----------+-----
Dodging        | 1 |  1.5
Maces & Flails | 1 |  1.0
Throwing       | 2 |  2.1
Spellcasting   | 1 |  1.0
Fighting       | |  2.4
Short Blades   | |  1.7
Armour         | |  0.8
Stealth        | |  3.8

Action                   || total
-------------------------++-------
Melee: Whip              ||    64
  Use: Scroll            ||     8
 Stab: Sleeping          ||    10
  Eat: Chunk             ||     2
       Pizza             ||     1
Armor: Robe              ||    11
Dodge: Dodged            ||    31
